 Dungeon Crawl Stone Soup version 0.27-a0-1532-gca18f49f40 (webtiles) character file.

Game seed: 1963215647236400078

49 Wyvernaa the Skirmisher (level 3, -3/20 HPs)
             Began as a Vine Stalker Fighter on July 12, 2021.
             Slain by Terence (5 damage)
             ... on level 2 of the Dungeon.
             The game lasted 00:02:42 (1158 turns).

Wyvernaa the Skirmisher (Vine Stalker Fighter)      Turns: 1158, Time: 00:02:42

Health: -3/20      AC:  6    Str: 19    XL:     3   Next: 75%
Magic:  0/4        EV:  7    Int:  8    God:
Gold:   37         SH:  9    Dex: 13    Spells: 2/2 levels left

rFire    + . .     SeeInvis .   a - +0 flail
rCold    + . .     Faith    .   c - +0 kite shield
rNeg     . . .     Spirit   +   b - +0 scale mail
rPois    +         Reflect  .   (no helmet)
rElec    +         Harm     .   (no cloak)
rCorr    +         Rampage  .   (no gloves)
Will     .....                  (no boots)
Stlth    ..........             (no amulet)
HPRegen  0.06/turn              (no ring)
MPRegen  0.09/turn              (no ring)

@: resistant
A: fangs 2, magic shield, antimagic bite, no potion heal 2
a: no special abilities


You were on level 2 of the Dungeon.
You visited 1 branch of the dungeon, and saw 2 of its levels.

You collected 37 gold pieces.

Inventory:

Hand Weapons
 a - a +0 flail (weapon)
Armour
 b - a +0 scale mail (worn)
 c - a +0 kite shield (worn)
Potions
 f - a potion of flight {unknown}


   Skills:
 + Level 3.3 Fighting
 + Level 2.1 Maces & Flails
 + Level 2.8 Armour
 + Level 0.1 Dodging
 * Level 0.1 Stealth
 + Level 3.0 Shields


You had 2 spell levels left.
You didn't know any spells.
Your spell library was empty.

Dungeon Overview and Level Annotations

Branches:
Dungeon (2/15)

Altars:
Ashenzari

Annotations:
D:2 Terence


Innate Abilities, Weirdness & Mutations

You have extremely sharp teeth.
When hurt, damage is shared between your health and your magic reserves.
Your bite disrupts and absorbs the magic of your enemies.
Potions cannot restore your health.


Message History

You block the bat's attack. The bat closely misses you.
The bat hits you but does no damage. The bat closely misses you.
The bat hits you but does no damage. You block the bat's attack.
The bat hits you but does no damage.
You barely miss the bat. You block the bat's attack.
The bat hits you but does no damage. You block the bat's attack.
You block the bat's attack. The bat barely misses you. The bat hits you.
You miss the bat. The bat hits you but does no damage.
The bat barely misses you. The bat barely misses you.
You block the bat's attack.
You hit the bat.
You kill the bat!
Your Shields skill increases to level 3!
You aren't carrying any scrolls.
Okay, then.
Terence bares his teeth.
Terence hits you with a +0 morningstar.
* * * LOW HITPOINT WARNING * * *
Terence screams, "I want your blood!"
There is a broken altar of Ashenzari here.
You see here a hobgoblin skeleton.
You closely miss Terence.
Terence is moderately wounded.
You block Terence's attack. x2
A rat comes into view.
The rat barely misses you.
You hit the rat.
You kill the rat!
You block Terence's attack. Terence hits you with a +0 morningstar!
* * * LOW HITPOINT WARNING * * *
A worm comes into view.
It was a potion of curing.
That felt strangely inert.
It was a potion of resistance.
You feel protected. Terence hits you with a +0 morningstar.
You die...

######.###..#.#..................
#....##..#.##.################
#.#...#..# #.# #.#####..# #.#
#........# #.# ########.# #.#
#.......# #.# #.####### #@# #.#
#@# #####.# #..w..# ......#
#####.# ####### #


You could see Terence and a worm.

Vanquished Creatures
  An adder (D:2)
  A worm (D:2)
  2 dart slugs
  3 ball pythons
  3 giant cockroaches (D:1)
  2 hobgoblins (D:2)
  6 jackals (D:1)
  2 kobolds (D:1)
  A quokka (D:1)
  3 bats
  2 frilled lizards
  7 rats
33 creatures vanquished.

Notes
Turn   | Place    | Note
-------+----------+-------------------------------------------
     0 | D:1      | Wyvernaa the Vine Stalker Fighter began the quest for the
                  | Orb.
     0 | D:1      | Reached XP level 1. HP: 11/11 MP: 2/2
   271 | D:1      | Reached XP level 2. HP: 8/16 MP: 0/3
   562 | D:1      | Reached XP level 3. HP: 20/20 MP: 4/4
   753 | D:2      | Found a broken altar of Ashenzari.
  1023 | D:2      | Noticed Terence
  1050 | D:2      | HP: 1/20 [bat (1)]
  1158 | D:2      | Slain by Terence

Illustrated notes

Levels and vault maps discovered:
D:1:      minmay_arrival_shattered_statue, layout_rooms
D:2:      layout_basic, basic_altar, uniq_terence

Skill      XL: |  1  2  3 |
---------------+----------+-----
Fighting       | 3 |  3.3
Maces & Flails | 2 |  2.1
Shields        | 3 |  3.0
Armour         | |  2.8
Dodging        | |  0.1
Stealth        | |  0.1

Action                   || total
-------------------------++-------
Melee: Flail             ||    77
       Bite              ||    19
  Use: Potion            ||     3
Armor: Scale mail        ||    55
Dodge: Dodged            ||    28
Block: Kite shield       ||    61

Table legend: (Time is in decaauts)
 A = Elapsed time spent in this place.
 B = Non-inter-level travel time spent in this place.
 C = Inter-level travel time spent in this place.
 D = Time resting spent in this place.
 E = Time spent auto-exploring this place.
 F = Levels seen in this place.
 G = Mean time per level.
                   A        B        C        D        E       F      G
               +--------+--------+--------+--------+--------+-----+--------+
         Total |   1201 |   1192 |      9 |      0 |    867 |   2 |  600.5 |
       Dungeon |   1201 |   1192 |      9 |      0 |    867 |   2 |  600.5 |
               +--------+--------+--------+--------+--------+-----+--------+

Top non-repeatable levels by time:
     D:1: 772 daAuts
     D:2: 428 daAuts
